 Dungeon Crawl Stone Soup version 0.28-a0-751-gef3a642a4e (webtiles) character file.

Game seed: 9498171247722954970

6399 spiderkeys the Fighter (level 10, -2/66 HPs)
             Began as a Gargoyle Abyssal Knight on Oct 31, 2021.
             Was an Elder of Lugonu.
             Slain by a yak (13 damage)
             ... on level 10 of the Dungeon.
             The game lasted 00:13:33 (9960 turns).

spiderkeys the Fighter (Gargoyle Abyssal Knight)    Turns: 9960, Time: 00:13:33

Health: -2/66      AC: 18    Str: 20    XL:     10   Next: 98%
Magic:  16/16      EV: 10    Int: 13    God:    Lugonu [****..]
Gold:   387        SH:  5    Dex: 12    Spells: 9/9 levels left

rFire   . . .      SeeInvis +   f - +9 halberd "Ukysukhlo" {vamp, rC+ Int+2 Dex+2 Stlth+}
rCold   + . .      Faith    .   (shield currently unavailable)
rNeg    + . .      Spirit   .   l - +0 scale mail
rPois   ∞          Reflect  +   (no helmet)
rElec   +          Harm     .   o - +0 cloak
rCorr   .          Rampage  .   (no gloves)
Will    .....                   A - +0 pair of boots
Stlth   +.........              M - amulet of reflection
HPRegen 0.21/turn               L - ring of flight
MPRegen 0.15/turn               v - ring of see invisible

@: flying
A: sickness immunity, AC +7, negative energy resistance 1, electricity
resistance, torment resistance 1, petrification resistance
a: Renounce Religion, Depart the Abyss, Bend Space, Banish, Corrupt


You were on level 10 of the Dungeon.
You worshipped Lugonu.
Lugonu was greatly pleased with you.
You visited 1 branch of the dungeon, and saw 10 of its levels.
You visited the Abyss 1 time.

You collected 595 gold pieces.
You spent 208 gold pieces at shops.


Innate Abilities, Weirdness & Mutations

You are immune to sickness and miasma.
Your stone body is resilient. (AC +7)
You are immune to poison.
You resist negative energy. (rN+)
You are resistant to electric shocks. (rElec)
You are resistant to unholy torment.
You are immune to petrification.


   Skills:
 + Level 9.5 Fighting
 + Level 8.4 Maces & Flails
 - Level 0.1 Polearms
 + Level 9.2 Armour
 - Level 0.7 Dodging
 + Level 9.2 Invocations


You had 9 spell levels left.
You didn't know any spells.
Your spell library contained the following spells:

 Spells                   Type           Power      Damage    Failure   Level
 Animate Skeleton         Necr           0%         N/A       58%         1
 Pain                     Necr           0%         1d4       58%         1
 Slow                     Hex            0%         N/A       58%         1
 Summon Small Mammal      Summ           0%         N/A       58%         1
 Blink                    Tloc           0%         N/A       75%         2
 Call Canine Familiar     Summ           0%         N/A       92%         3
 Confusing Touch          Hex            0%         N/A       92%         3
 Gell's Gravitas          Tloc           0%         N/A       92%         3
 Summon Guardian Golem    Hex/Summ       0%         N/A       92%         3
 Teleport Other           Tloc           0%         N/A       92%         3
 Vampiric Draining        Necr           0%         2d6       92%         3
 Animate Dead             Necr           0%         N/A       100%        4
 Borgnjor's Vile Clutch   Necr/Erth      0%         N/A       100%        5
 Iskenderun's Battlesphe  Conj           0%         2d6       100%        5
 Manifold Assault         Tloc           0%         N/A       100%        5
 Death Channel            Necr           0%         N/A       100%        6
 Dispersal                Tloc           0%         N/A       100%        6
 Iron Shot                Conj/Erth      0%         9d1       100%        6
 Spellforged Servitor     Conj/Summ      0%         N/A       100%        7
 Storm Form               Tmut/Air       0%         N/A       100%        7

Inventory:

Hand Weapons
 a - a +1 mace of flaming
 f - the +9 halberd "Ukysukhlo" (weapon) {vamp, rC+ Int+2 Dex+2 Stlth+}
   (You found it on level 3 of the Abyss)

   It occasionally heals its wielder for a portion of the damage dealt when it
   wounds a living foe.
   Int:       It affects your intelligence (+2).
   Dex:       It affects your dexterity (+2).
   rC:        It protects you from cold.
   Stlth:     It makes you more stealthy.
 k - the +3 mace "Zoah" {vorpal, Str+4}
   (You bought it in a shop on level 1 of the Dungeon)

   It inflicts extra damage upon your enemies.
   Str:       It affects your strength (+4).
Missiles
 d - 3 silver boomerangs
 g - 157 stones
 h - 112 arrows
 p - 5 throwing nets {=f!f}
 u - 41 sling bullets
 w - 5 boomerangs (quivered)
 G - 4 javelins
 H - 23 bolts
 J - 34 poisoned darts
Armour
 b - a +0 leather armour
 l - a +0 scale mail (worn)
   (You found it on level 2 of the Dungeon)
 o - a +0 cloak (worn)
   (You took it off Crazy Yiuf on level 2 of the Dungeon)
 A - a +0 pair of boots (worn)
   (You found it on level 6 of the Dungeon)
Magical Staves
 m - a staff of cold {!a}
   (You found it on level 2 of the Dungeon)
 E - a staff of air {!a}
   (You found it on level 6 of the Dungeon)
Jewellery
 v - a ring of see invisible (right hand)
   (You found it on level 9 of the Dungeon)
 C - a ring of ice
   (You found it on level 7 of the Dungeon)
 I - a +6 ring of intelligence
   (You found it on level 5 of the Dungeon)
 L - a ring of flight (left hand)
   (You found it on level 5 of the Dungeon)
 M - an amulet of reflection (around neck)
   (You found it on level 7 of the Dungeon)
 T - an amulet of faith {!P}
   (You found it on level 8 of the Dungeon)
Wands
 B - a wand of paralysis (6)
   (You found it on level 6 of the Dungeon)
 N - a wand of iceblast (7)
   (You found it on level 9 of the Dungeon)
 O - a wand of flame (8)
   (You took it off a kobold brigand on level 9 of the Dungeon)
Scrolls
 c - 2 scrolls of teleportation {@r4}
 e - a scroll of fear
 q - 3 scrolls of noise {!r}
 s - a scroll of holy word
 t - 4 scrolls of magic mapping {!r}
 y - a scroll of enchant armour
 z - 4 scrolls of enchant weapon
 F - a scroll of immolation {!r!r}
 K - a scroll of identify {@r1}
Potions
 i - a potion of heal wounds {@q2}
 j - 3 potions of attraction {!q}
 n - a potion of brilliance {unknown}
 r - a potion of haste {unknown}
 x - a potion of flight {unknown}
 D - 2 potions of curing {@q1}
 P - a potion of ambrosia
 Q - 2 potions of magic {unknown}

Dungeon Overview and Level Annotations

Branches:
Dungeon (10/15)            Temple (0/1) D:6            Lair (0/6) D:8
    Orc: D:9-12

Altars:
Ashenzari
Cheibriados
Elyvilon
Gozag
Makhleb
Qazlal
Trog
Uskayaw
Yredelemnul

Shops:
D:1 :(

Annotations:
Abyss:1 Prince Ribbit

#. #.# #.# #.# #.#
#.# ##.## #..@# #.#
#..Y# #.# #..o#
##.######### ##..#
#..>........ #.Y#
#.......|..? #..#
#.###.....).
#.o#####.......Y(♣♣
#..Y..YoY......♣..♣
#...######.###...♣♣..


You could see 3 yaks, an orc warrior and an orc wizard (invisible).


Message History

You reach down and open the door.
There is an open door here.
There is an open door here.
There is a stone staircase leading down here.
You fly downwards.
There is a stone staircase leading up here.
j - 3 potions of attraction {!q} (gained 2)
A vampire comes into view.
The vampire mumbles some strange words.
The vampire flickers and vanishes for a moment.
A vampire is nearby!
A vampire is nearby!
You puncture the vampire! The vampire hits you.
The vampire barely misses you. 😕 HP[-1]
You take 1 damage, and now have 65/66 hp.
You slash the vampire! You block the vampire's attack.
The vampire barely misses you.
You hit the vampire. The vampire closely misses you.
The vampire bites you but does no damage.
You block the vampire's attack. The vampire barely misses you. 😎 HP[+1]
Your hp is fully restored (66).
You hit the vampire.
The vampire points at you and mumbles some strange words.
You resist with some effort.
You puncture the vampire!
You destroy the vampire!
Lugonu accepts your kill.
No target in view!
No target in view!
You now have 387 gold pieces (gained 15).
Found a stone staircase leading down.
q - 3 scrolls of noise {!r} (gained 2)
An orc comes into view. It is wielding a +0 club.
The orc shouts!
You hear a shout!
An orc is nearby!
An orc is nearby!
An orc warrior comes into view.
It is wielding a +0 halberd and wearing a +2 chain mail of fire resistance.
A yak comes into view.
The yak bellows!
An orc wizard comes into view. It is wielding a +0 dagger.
The yak moves out of view.
You reach to attack!
You puncture the orc!
You kill the orc!
Lugonu accepts your kill.
A yak comes into view.
A yak comes into view.
The yak bellows! x2
You reach to attack!
You hit the orc warrior.
The orc warrior hits you from afar with a +0 halberd.
The orc wizard gestures wildly while chanting.
The orc wizard flickers and vanishes for a moment.
The orc warrior hits you but does no damage. 😕 HP[-5]
You take 5 damage, and now have 61/66 hp.
You reach to attack!
You impale the orc warrior!!
The orc warrior closely misses you. 😕 HP[+1]
The orc warrior barely misses you. 😕 HP[+1] 😕 HP[+1]
You block the orc warrior's attack.
You barely miss the yak. The yak misses you.
The orc warrior completely misses you.
You hit the yak but do no damage. You block the yak's attack.
The orc warrior hits you but does no damage.
The orc warrior hits you from afar with a +0 halberd!
The yak gores you! 😮 HP[-19]
You take 19 damage, and now have 45/66 hp.
MASSIVE DAMAGE!! (PAUSE)
The orc warrior hits you from afar with a +0 halberd. 😮 HP[-6]
You take 6 damage, and now have 39/66 hp.
You slice the yak!!
The yak gores you but does no damage. x2 😮 HP[+1]
You barely miss the yak. The yak gores you but does no damage.
You closely miss the yak. The yak gores you!
* * * LOW HITPOINT WARNING * * *
You block the orc warrior's attack. You block the yak's attack. 😨 HP[-8]
You take 8 damage, and now have 32/66 hp.
Unknown command.
You slash the yak!
You feel better.
The orc warrior hits you from afar with a +0 halberd!
* * * LOW HITPOINT WARNING * * *
The yak gores you!
* * * LOW HITPOINT WARNING * * *
The orc warrior hits you from afar with a +0 halberd!
* * * LOW HITPOINT WARNING * * *
😱 HP[-24]
You take 24 damage, and now have 8/66 hp.
MASSIVE DAMAGE!! (PAUSE) 😱 HP[+1] 😱 HP[+1]
The orc wizard gestures wildly while chanting.
The orc wizard flickers and vanishes for a moment.
There is a stone staircase leading up here.
The yak gores you!
You die...

Skill      XL: |  1  2  3  4  5  6  7  8  9 10 |
---------------+-------------------------------+-----
Fighting       | 4 5 7 8 9 |  9.5
Armour         | 3 4 5 6 8 9 |  9.2
Invocations    | 3 4 5 6 8 9 |  9.2
Maces & Flails | 3 4 6 7 8 |  8.4
Polearms       | |  0.1
Dodging        | |  0.7

Action                   |  1- 3 |  4- 6 |  7- 9 | 10-12 || total
-------------------------+-------+-------+-------+-------++-------
Melee: Halberd           |    82 |   105 |   280 |   217 ||   684
Throw: Boomerang         |       |       |     6 |       ||     6
       Throwing net      |       |       |     1 |       ||     1
Invok: Depart the Abyss  |     1 |       |       |       ||     1
       Banish            |       |       |     3 |       ||     3
       Bend Space        |       |       |     1 |       ||     1
  Use: Scroll            |     1 |     5 |     6 |     5 ||    17
       Potion            |       |       |     4 |       ||     4
 Stab: Sleeping          |     7 |     1 |       |       ||     8
Armor: Leather armour    |    18 |       |       |       ||    18
       Scale mail        |       |    58 |   203 |   161 ||   422
Dodge: Dodged            |    45 |    46 |   187 |   148 ||   426
Block: Other             |       |       |       |    61 ||    61
       Reflection        |       |       |       |     3 ||     3

Levels and vault maps discovered:
D:1:      dpeg_arrival_erosion, layout_loops_cross, serial_shops, shop, shop,
          st_stairs_9
D:2:      layout_loops_ring, ebering_ecumenical_altar_petrified, basic_altar,
          minmay_misc_feat_hallway, uniq_crazy_yiuf_cottage
D:3:      layout_basic, lemuel_coloured_pillars_altar, dk_noncrumbling_2,
          kennysheep_generic_room_10
D:4:      layout_loops_cross, makhleb_heckhound_becter
D:5:      lemuel_castle_with_subvaults [lemuel_castle_interior_original],
          layout_loops_corners, mainiacjoe_overflow_six_doors_small,
          mainiacjoe_overflow_boulevard, mainiacjoe_overflow_alcove_1,
          grunt_ministairs_5
D:6:      layout_cave_pods, minmay_temple_entry_gardened_gates, uniq_eustachio,
          uniq_grinder
D:7:      layout_cave_pods, mainiacjoe_overflow_small_starburst, uniq_duvessa,
          uniq_prince_ribbit1
D:8:      layout_basic, kennysheep_slug_shrine, lair_entry_dummy
D:9:      layout_roguey, grunt_gozag_breadcrumbs, blue_anna_alchemist
D:10:     layout_loops_ring, orc_0_dummy, chequers_garden, uniq_snorg

Notes
Turn   | Place    | Note
-------+----------+-------------------------------------------
     0 | Abyss:1  | spiderkeys the Gargoyle Abyssal Knight began the quest for
                  | the Orb.
     0 | Abyss:1  | Reached XP level 1. HP: 14/14 MP: 2/2
     0 | Abyss:1  | magus.rc [v1.9.10]
    30 | Abyss:1  | Found a corrupted altar of Lugonu.
    72 | Abyss:3  | Found a corrupted altar of Lugonu.
    80 | Abyss:3  | Noticed a harpy
    81 | Abyss:3  | Identified the +9 halberd "Ukysukhlo" {vamp, rC+ Int+2
                  | Dex+2 Stlth+}
    81 | Abyss:3  | Noticed a ynoxinul
    83 | D:1      | You pass through the gate.
    83 | D:1      | Escaped the Abyss
   154 | D:1      | Found Amopp's Antique Weapon Boutique.
   200 | D:1      | Reached * piety under Lugonu
   201 | D:1      | Reached XP level 2. HP: 17/19 MP: 3/3
   318 | D:1      | Found Jacuuxy's Book Shop.
   445 | D:1      | Reached XP level 3. HP: 23/23 MP: 4/4
   557 | D:1      | You pick up a book of Power and begin reading...
   557 | D:1      | You add the spells Iskenderun's Battlesphere, Iron Shot and
                  | Spellforged Servitor to your library.
  1123 | D:2      | Found a broken altar of Ashenzari.
  1215 | D:2      | Found a faded altar of an unknown god.
  1267 | D:2      | Found a runed translucent door.
  1268 | D:2      | Noticed Crazy Yiuf
  1578 | D:2      | Killed Crazy Yiuf
  1579 | D:2      | Reached skill level 4 in Fighting
  1579 | D:2      | Reached skill level 3 in Armour
  1579 | D:2      | Reached skill level 3 in Invocations
  1579 | D:2      | Reached XP level 4. HP: 29/29 MP: 6/6
  1825 | D:3      | Reached ** piety under Lugonu
  1826 | D:3      | Reached skill level 3 in Maces & Flails
  1826 | D:3      | Reached XP level 5. HP: 33/33 MP: 7/7
  2622 | D:3      | Found a white marble altar of Elyvilon.
  2839 | D:4      | You pick up a book of Callings and begin reading...
  2839 | D:4      | You add the spells Summon Small Mammal, Call Canine
                  | Familiar and Summon Guardian Golem to your library.
  2895 | D:4      | Reached XP level 6. HP: 39/39 MP: 8/8
  3122 | D:4      | Reached skill level 4 in Armour
  3122 | D:4      | Reached skill level 4 in Invocations
  3533 | D:4      | Found a burning altar of Makhleb.
  3578 | D:5      | Entered Level 5 of the Dungeon
  3582 | D:5      | Reached skill level 5 in Fighting
  3586 | D:5      | Reached XP level 7. HP: 42/44 MP: 10/10
  3609 | D:5      | Reached skill level 4 in Maces & Flails
  3705 | D:5      | Reached *** piety under Lugonu
  3718 | D:5      | Found a hide-covered altar of Uskayaw.
  3794 | D:5      | Found a bloodstained altar of Trog.
  4069 | D:5      | Reached skill level 5 in Armour
  4069 | D:5      | Reached skill level 5 in Invocations
  4267 | D:5      | Reached XP level 8. HP: 51/51 MP: 11/11
  4351 | D:5      | You add the spells Gell's Gravitas, Teleport Other and
                  | Dispersal to your library.
  4394 | D:5      | HP: 6/51 [gnoll (9)]
  4539 | D:5      | Reached skill level 6 in Fighting
  4541 | D:5      | Reached skill level 5 in Maces & Flails
  4863 | D:5      | Found a stormy altar of Qazlal.
  4990 | D:5      | Reached **** piety under Lugonu
  5003 | D:5      | Noticed a two-headed ogre
  5016 | D:5      | Banished a two-headed ogre
  5017 | D:5      | Reached skill level 7 in Fighting
  5017 | D:5      | Reached skill level 6 in Maces & Flails
  5017 | D:5      | Reached skill level 6 in Armour
  5017 | D:5      | Reached skill level 6 in Invocations
  5017 | D:5      | Reached XP level 9. HP: 17/57 MP: 7/13
  5493 | D:1      | Bought a twisted mace for 208 gold pieces
  5493 | D:1      | Identified the +3 mace "Zoah" {vorpal, Str+4} (You bought
                  | it in a shop on level 1 of the Dungeon)
  5926 | D:6      | Noticed Grinder
  5931 | D:6      | Paralysed by Grinder for 7 turns
  5947 | D:6      | Killed Grinder
  5948 | D:6      | Reached skill level 7 in Armour
  5948 | D:6      | Reached skill level 7 in Invocations
  6039 | D:6      | Found a staircase to the Ecumenical Temple.
  6137 | D:6      | Noticed Eustachio
  6169 | D:6      | Killed Eustachio
  6771 | D:7      | You pick up a book of Debilitation and begin reading...
  6771 | D:7      | You add the spells Slow, Vampiric Draining and Confusing
                  | Touch to your library.
  6822 | D:7      | Noticed Prince Ribbit
  6822 | D:7      | Noticed a deep elf pyromancer
  6861 | D:6      | Banished Prince Ribbit
  6862 | D:6      | Reached skill level 8 in Fighting
  6863 | D:6      | HP: 13/59 [killer bee (3)]
  6869 | D:6      | Reached skill level 7 in Maces & Flails
  7255 | D:6      | HP: 5/59 [deep elf pyromancer/bolt of fire (12)]
  7256 | D:6      | Banished a deep elf pyromancer
  7256 | D:6      | HP: 2/59 [burnt (3)]
  7257 | D:6      | Reached skill level 8 in Armour
  7257 | D:6      | Reached skill level 8 in Invocations
  7257 | D:6      | Reached XP level 10. HP: 3/65 MP: 10/16
  7711 | D:7      | Noticed Duvessa
  7712 | D:7      | Noticed Dowan
  7715 | D:7      | Killed Duvessa
  7721 | D:7      | Killed Dowan
  8010 | D:7      | Found a basalt altar of Yredelemnul.
  8462 | D:8      | Reached skill level 9 in Fighting
  8469 | D:8      | You pick up a book of Unlife and begin reading...
  8469 | D:8      | You add the spells Animate Dead, Borgnjor's Vile Clutch and
                  | Death Channel to your library.
  8482 | D:8      | Found a staircase to the Lair.
  8693 | D:8      | Found a snail-covered altar of Cheibriados.
  8715 | D:8      | Reached skill level 8 in Maces & Flails
  8757 | D:8      | You pick up a book of Necromancy and begin reading...
  8757 | D:8      | You add the spells Pain and Animate Skeleton to your
                  | library.
  8766 | D:8      | You add the spells Blink, Manifold Assault and Storm Form
                  | to your library.
  9175 | D:9      | Found an opulent altar of Gozag.
  9543 | D:9      | Reached skill level 9 in Armour
  9543 | D:9      | Reached skill level 9 in Invocations
  9869 | D:10     | Entered Level 10 of the Dungeon
  9950 | D:10     | HP: 15/66 [yak (13)]
  9960 | D:10     | Slain by a yak

Vanquished Creatures
  Grinder (D:6)
  A wyvern (D:8)
  A vampire (D:10)
  Eustachio (D:6)
  3 steam dragons
  3 water moccasins
  Duvessa (D:7)
  A black bear (D:7)
  2 ice beasts
  An orc warrior (D:7)
  2 ogres
  3 centaurs
  A phantom (D:6)
  3 kobold brigands
  2 bullfrogs
  3 gnoll sergeants
  3 scorpions
  Dowan (D:7)
  18 killer bees
  A howler monkey (D:9)
  A centaur zombie (D:9)
  3 jellies
  3 orc priests
  Crazy Yiuf (D:2)
  4 hounds
  5 iguanas
  9 orc wizards
  A hound zombie (D:5)
  30 gnolls
  A howler monkey skeleton (D:5)
  A howler monkey zombie (D:8)
  8 adders
  A white imp (D:7)
  2 worms (D:3)
  3 dart slugs
  47 orcs
  4 endoplasms
  4 giant cockroaches
  10 goblins
  6 hobgoblins
  18 jackals
  8 kobolds
  3 quokkas
  8 ball pythons
  9 bats
  8 frilled lizards
  4 rats
254 creatures vanquished.

Vanquished Creatures (collateral kills)
  An orc (D:4)
1 creature vanquished.

Vanquished Creatures (others)
  3 fungi
  10 plants (D:5)
  4 withered plants (D:2)
17 creatures vanquished.

Grand Total: 272 creatures vanquished

Table legend:
 A = Non-vault XP
 B = Vault XP
 C = Vault XP percentage of total XP
 D = Non-vault monster count
 E = Vault monster count
 F = Vault count percentage of total count
                 A         B        C        D         E       F
            +---------+---------+-------+---------+---------+-------
      Total |    6543 |    2599 |  28.4 |     191 |      67 |  26.0
            +---------+---------+-------+---------+---------+-------
        D:1 |      51 |       4 |   7.3 |      30 |       3 |   9.1
        D:2 |      50 |      40 |  44.4 |      14 |       1 |   6.7
        D:3 |     148 |       0 |   0.0 |      24 |       0 |   0.0
        D:4 |     200 |      40 |  16.7 |      19 |       1 |   5.0
        D:5 |     770 |    1436 |  65.1 |      15 |      55 |  78.6
        D:6 |    1447 |     755 |  34.3 |      18 |       3 |  14.3
        D:7 |    1025 |     223 |  17.9 |      19 |       2 |   9.5
        D:8 |    1624 |       4 |   0.2 |      31 |       1 |   3.1
        D:9 |    1013 |      97 |   8.7 |      19 |       1 |   5.0
       D:10 |     215 |       0 |   0.0 |       2 |       0 |   0.0
            +---------+---------+-------+---------+---------+-------

Illustrated notes

Table legend:
 A = Kills in this place as a percentage of kills in entire the game.
 B = Kills by you in this place as a percentage of kills by you in the entire game.
 C = Kills by friends in this place as a percentage of kills by friends in the entire game.
 D = Other kills in this place as a percentage of other kills in the entire game.
 E = Experience gained in this place as a percentage of experience gained in the entire game.
 F = Experience gained in this place divided by the number of levels of this place that you have seen.
                   A       B       C       D       E      F
               +-------+-------+-------+-------+-------+----------------------
         Total | 100.0 | 100.0 | 100.0 | 100.0 | 100.0 | 703.2
       Dungeon | 100.0 | 100.0 | 100.0 | 100.0 | 100.0 | 914.2
               +-------+-------+-------+-------+-------+----------------------

Table legend: (Time is in decaauts)
 A = Elapsed time spent in this place.
 B = Non-inter-level travel time spent in this place.
 C = Inter-level travel time spent in this place.
 D = Time resting spent in this place.
 E = Time spent auto-exploring this place.
 F = Levels seen in this place.
 G = Mean time per level.
                   A        B        C        D        E       F      G
               +--------+--------+--------+--------+--------+-----+--------+
         Total |  10304 |   9740 |    564 |    696 |   7050 |  13 |  792.6 |
       Dungeon |  10222 |   9658 |    564 |    696 |   7015 |  10 | 1022.2 |
         Abyss |     82 |     82 |      0 |      0 |     35 |   3 |   27.3 |
               +--------+--------+--------+--------+--------+-----+--------+

Top non-repeatable levels by time:
     D:5: 1954 daAuts
     D:6: 1933 daAuts
     D:3: 1043 daAuts
     D:2: 1004 daAuts
     D:7: 901 daAuts
     D:4: 865 daAuts
     D:1: 830 daAuts
     D:8: 814 daAuts
     D:9: 800 daAuts
    D:10: 74 daAuts
 Abyss:2: 36 daAuts
 Abyss:1: 35 daAuts
 Abyss:3: 10 daAuts
